 Dungeon Crawl Stone Soup version 0.29.0-4-gdea44cf6ec (webtiles) character file.

Game seed: 5312405894964030107

41 qw the Chopper (level 3, -1/21 HPs)
             Began as a Tengu Warper on Aug 28, 2022.
             Slain by Jessica
             ... wielding a +0 dagger
              (2 damage)
             ... on level 2 of the Dungeon.
             The game lasted 00:00:08 (1283 turns).

qw the Chopper (Tengu Warper)                       Turns: 1283, Time: 00:00:09

Health: -1/21      AC:  4    Str: 13    XL:     3   Next: 52%
Magic:  7/7        EV: 16    Int: 13    God:
Gold:   75         SH:  0    Dex: 13    Spells: 6/6 levels left

rFire   . . .      SeeInvis .   Y - +0 hand axe
rCold   . . .      Faith    .   (no shield)
rNeg    . . .      Spirit   .   b - +0 leather armour
rPois   .          Reflect  .   (helmet restricted)
rElec   .          Harm     .   (no cloak)
rCorr   .          Rampage  .   d - +0 pair of gloves
Will    .....                   (boots unavailable)
Stlth   +.........              (no amulet)
HPRegen 0.07/turn               e - +4 ring of evasion
MPRegen 0.10/turn               (no ring)

@: no status effects
A: beak, talons 3
a: no special abilities


You were on level 2 of the Dungeon.
You visited 1 branch of the dungeon, and saw 2 of its levels.

You collected 75 gold pieces.


Innate Abilities, Weirdness & Mutations

You have a beak for a mouth.
You have claws for feet.


   Skills:
 - Level 2.0 Fighting
 + Level 4.2 Axes
 - Level 1.0 Throwing
 - Level 1.1 Armour
 - Level 2.1 Dodging
 - Level 2.0 Spellcasting
 - Level 2.4 Translocations


You had 6 spell levels left.
You didn't know any spells.
Your spell library contained the following spells:

 Spells                   Type           Power      Damage    Failure   Level
 Blink                    Tloc           14%        N/A       19%         2
 Gell's Gravitas          Tloc           7%         N/A       36%         3
 Lesser Beckoning         Tloc           7%         N/A       36%         3
 Teleport Other           Tloc           7%         N/A       36%         3
 Manifold Assault         Tloc           7%         N/A       98%         5

Inventory:

Hand Weapons
 h - a +0 club
 Y - a +0 hand axe (weapon)
Armour
 b - a +0 leather armour (worn)
 c - a +0 scale mail
 d - a +0 pair of gloves (worn)
Jewellery
 e - a +4 ring of evasion (left hand)
Scrolls
 i - a scroll of identify
Potions
 a - a potion of brilliance {unknown}
 f - a potion of resistance {unknown}
 g - a potion of heal wounds {unknown}
 j - a potion of curing

Dungeon Overview and Level Annotations

Branches:
Dungeon (2/15)

Altars:

Annotations:
D:2 Jessica


Message History

The hobgoblin is severely wounded.
The hobgoblin barely misses you.
You hit the hobgoblin.
You kill the hobgoblin!
1270 ||| Stepping ~*~*~tactically~*~*~ (hiding).
1271 ||| Stepping ~*~*~tactically~*~*~ (hiding).
You closely miss Jessica. Your kick misses Jessica. You peck Jessica.
Jessica is lightly wounded.
Jessica misses you.
Jessica points at you and mumbles some strange words.
Pain shoots through your body!
Ouch! That really hurt!
You hit Jessica. You claw Jessica, but do no damage. You peck Jessica.
Jessica is severely wounded.
Jessica gestures wildly while chanting.
Jessica blinks!
The dart slug launches a dart at you. The slug dart hits you.
You hit the dart slug but do no damage. You peck the dart slug.
The dart slug is heavily wounded.
The dart slug bites you but does no damage.
Jessica casts a spell.
Jessica blinks!
You hit the dart slug.
The dart slug is severely wounded.
The dart slug launches a dart at you. The slug dart misses you.
You hit the dart slug but do no damage. You claw the dart slug.
You kill the dart slug!
You start resting.
Jessica is nearby!
Jessica casts a spell at you. Pain shoots through your body!
You hit Jessica. Your kick misses Jessica. Your peck misses Jessica.
Jessica is severely wounded.
Jessica barely misses you.
You barely miss Jessica. Your kick misses Jessica.
Jessica is severely wounded.
Jessica hits you with a +0 dagger.
You die...

#.#........#.#####
#.......%....#....##
###..#.###.#.#.##..###
......)......>.......#
##...#####.#.........##
.#...# ###.#..###.....#
.....# #.......$......
.....# ###.#...##@.#. .
.##### #......@.<#....
.# #.#............ ..
##.#...##%.###.. #.#
#....)........ ...
#..#............ ..#
#..#....#..##.#. ..#
#..#..........# ..####
#.........### # .....#
#.#........


You could see Jessica (fast).

Vanquished Creatures
  2 dart slugs
  2 bats
  An endoplasm (D:1)
  2 giant cockroaches (D:1)
  4 goblins
  7 hobgoblins
  A quokka (D:2)
  4 ball pythons (D:1)
  2 frilled lizards
  5 kobolds
  5 rats
35 creatures vanquished.

Notes
Turn   | Place    | Note
-------+----------+-------------------------------------------
     0 | D:1      | qw the Tengu Warper began the quest for the Orb.
     0 | D:1      | Reached XP level 1. HP: 12/12 MP: 4/4
     0 | D:1      | 0 ||| qw: Version: 0.1-a-89-g26bdef1
     0 | D:1      | 0 ||| qw: Game counter: 139
     0 | D:1      | 0 ||| qw: Always use a shield: true
     0 | D:1      | 0 ||| qw: God list: Okawaru
     0 | D:1      | 0 ||| qw: Allow faded altars: false
     0 | D:1      | 0 ||| qw: Do Orc after D:15 true
     0 | D:1      | 0 ||| qw: Do second Lair branch before Depths: true
     0 | D:1      | 0 ||| qw: Lair rune preference: random
     0 | D:1      | 0 ||| qw: Plans: Normal
     0 | D:1      | 0 ||| PLANNING D:1-11
   374 | D:1      | Reached skill level 3 in Axes
   374 | D:1      | Reached XP level 2. HP: 17/17 MP: 6/6
   431 | D:1      | 431 ||| Stepping ~*~*~tactically~*~*~ (stealth).
   432 | D:1      | 432 ||| Stepping ~*~*~tactically~*~*~ (stealth).
   769 | D:1      | Reached XP level 3. HP: 18/21 MP: 7/7
  1005 | D:1      | 1005 ||| UPGRADING to +0 pair of gloves.
  1010 | D:1      | 1010 ||| UPGRADING to +4 ring of evasion.
  1011 | D:1      | 1011 ||| READING scroll labelled DENTIC PY RUI.
  1012 | D:1      | 1012 ||| READING 2 scrolls labelled VACZEPPOGEM.
  1013 | D:1      | 1013 ||| DRINKING 2 grey potions.
  1014 | D:1      | 1014 ||| DROPPING scroll of blinking.
  1027 | D:2      | 1027 ||| Stepping ~*~*~tactically~*~*~ (stealth).
  1050 | D:2      | 1050 ||| Stepping ~*~*~tactically~*~*~ (stealth).
  1094 | D:2      | Reached skill level 4 in Axes
  1169 | D:2      | 1169 ||| Stepping ~*~*~tactically~*~*~ (stealth).
  1205 | D:2      | 1205 ||| Stepping ~*~*~tactically~*~*~ (stealth).
  1259 | D:2      | Noticed Jessica
  1270 | D:2      | 1270 ||| Stepping ~*~*~tactically~*~*~ (hiding).
  1271 | D:2      | 1271 ||| Stepping ~*~*~tactically~*~*~ (hiding).
  1281 | D:2      | HP: 1/21 [Jessica/nerve-wracking pain (6)]
  1283 | D:2      | Slain by Jessica

Levels and vault maps discovered:
D:1:      scummos_arrival_forest, layout_loops_ring,
          corexii_item_surrounded_by_moat
D:2:      layout_basic, uniq_robin, uniq_jessica, uniq_sigmund

Skill      XL: |  1  2  3 |
---------------+----------+-----
Axes           | 3 4 |  4.2
Fighting       | |  2.0
Throwing       | |  1.0
Armour         | |  1.1
Dodging        | |  2.1
Spellcasting   | |  2.0
Translocations | |  2.4

Action                   || total
-------------------------++-------
Melee: Hand axe          ||    81
       Peck              ||    14
       Kick              ||    13
       Punch             ||     1
Throw: Boomerang         ||     7
  Use: Scroll            ||     2
       Potion            ||     1
 Stab: Sleeping          ||     1
Armor: Leather armour    ||    13
Dodge: Dodged            ||    49

Table legend:
 A = Non-vault XP
 B = Vault XP
 C = Vault XP percentage of total XP
 D = Non-vault monster count
 E = Vault monster count
 F = Vault count percentage of total count
                 A         B        C        D         E       F
            +---------+---------+-------+---------+---------+-------
      Total |      59 |       0 |   0.0 |      35 |       0 |   0.0
            +---------+---------+-------+---------+---------+-------
        D:1 |      38 |       0 |   0.0 |      23 |       0 |   0.0
        D:2 |      21 |       0 |   0.0 |      12 |       0 |   0.0
            +---------+---------+-------+---------+---------+-------
